 Dungeon Crawl Stone Soup version 0.27.0-1-g7a089689b8 (webtiles) character file.

Game seed: 13285051341524689448

284 unlimited1921 the Vexing (level 6, -3/47 HPs)
             Began as a Gnoll Arcane Marksman on Aug 3, 2021.
             Killed by an exploding water moccasin zombie (38 damage)
             ... ignited by their inner flame
             ... on level 5 of the Dungeon.
             The game lasted 00:51:07 (4311 turns).

unlimited1921 the Vexing (Gnoll Arcane Marksman)    Turns: 4311, Time: 00:51:10

Health: -3/47      AC:  8    Str: 11    XL:     6   Next: 29%
Magic:  9/11       EV: 13    Int: 12    God:
Gold:   125        SH:  0    Dex: 13    Spells: 5/11 levels left

rFire    . . .     SeeInvis .   g - +0 dagger (elec)
rCold    . . .     Faith    .   (no shield)
rNeg     . . .     Spirit   .   a - +0 robe
rPois    .         Reflect  .   (no helmet)
rElec    .         Harm     .   x - +1 cloak
rCorr    .         Rampage  .   (no gloves)
Will     .....                  (no boots)
Stlth    ++........             (no amulet)
HPRegen  0.15/turn              d - +4 ring of protection
MPRegen  0.12/turn              (no ring)

@: no status effects
A: fangs 1, strong nose, distributed training
a: no special abilities


You were on level 5 of the Dungeon.
You visited 1 branch of the dungeon, and saw 5 of its levels.

You collected 125 gold pieces.

Inventory:

Hand Weapons
 g - a +0 dagger of electrocution (weapon)
 h - a +0 short sword
 l - a +0 spear
 o - a +0 whip
 q - a +0 flail
 v - a +0 mace
Missiles
 f - 23 sling bullets
 i - 158 stones
 s - 2 javelins
 u - 22 bolts
 y - 5 boomerangs
 z - 7 poisoned darts (quivered)
 D - 30 arrows
Armour
 a - a +0 robe (worn)
 c - a +0 leather armour
 w - a +0 ring mail
 x - a +1 cloak (worn)
 C - a +0 scale mail
Jewellery
 d - a +4 ring of protection (left hand)
 r - a ring of magical power
Scrolls
 e - a scroll of fog
 k - 4 scrolls of teleportation
 p - a scroll of identify
 A - a scroll of fear
Potions
 b - a potion of heal wounds
 j - 3 potions of curing
 m - 2 potions of haste
 n - a potion of resistance
 t - 2 potions of lignification
 B - a potion of cancellation {unknown}


   Skills:
 + Level 3.2 Fighting
 + Level 1.9 Short Blades
 + Level 1.9 Long Blades
 + Level 1.9 Axes
 + Level 1.9 Maces & Flails
 + Level 1.9 Polearms
 + Level 1.9 Staves
 + Level 1.9 Slings
 + Level 1.9 Bows
 + Level 1.9 Crossbows
 + Level 4.9 Throwing
 + Level 1.9 Armour
 + Level 4.9 Dodging
 + Level 1.9 Stealth
 + Level 1.9 Shields
 + Level 1.9 Unarmed Combat
 + Level 3.4 Spellcasting
 + Level 1.5 Conjurations
 + Level 5.6 Hexes
 + Level 1.5 Summonings
 + Level 1.5 Necromancy
 + Level 1.5 Translocations
 + Level 1.5 Transmutations
 + Level 1.5 Fire Magic
 + Level 1.5 Ice Magic
 + Level 1.5 Air Magic
 + Level 1.5 Earth Magic
 + Level 1.5 Poison Magic
 + Level 2.1 Invocations
 + Level 1.9 Evocations


You had 5 spell levels left.
You knew the following spells:

 Your Spells              Type           Power      Damage    Failure   Level
a - Corona                Hex            16%        N/A       2%          1
b - Slow                  Hex            15%        N/A       3%          2
c - Inner Flame           Hex/Fire       10%        N/A       16%         3

Your spell library contained the following spells:

 Spells                   Type           Power      Damage    Failure   Level
 Animate Skeleton         Necr           10%        N/A       13%         1
 Pain                     Necr           20%        1d5       13%         1
 Portal Projectile        Hex/Tloc       20%        N/A       16%         3
 Blink                    Tloc           N/A        N/A       19%         2
 Cause Fear               Hex            7%         N/A       22%         4
 Vampiric Draining        Necr           2%         2d6       36%         3
 Manifold Assault         Tloc           5%         N/A       98%         5
 Storm Form               Tmut/Air       2%         N/A       100%        7


Dungeon Overview and Level Annotations

Branches:
Dungeon (5/15)
 Temple: D:4-7

Altars:
Makhleb

Annotations:
D:4 2 runed translucent doors, DemonSlayer's ghost, novice HuBe


Innate Abilities, Weirdness & Mutations

You have very sharp teeth.
Your uncanny sense of smell can sniff out nearby items.
Your experience applies equally to all skills.


Message History

Press: ? - help, Q - select action, (/) - cycle Shift-Dir - straight line, f/p - water moccasin zombie
Aim: a water moccasin zombie (inner flame, 60% to hit)
You throw a poisoned dart.
The poisoned dart hits the water moccasin zombie.
Throw: 9 darts (poison)
Press: ? - help, Q - select action, (/) - cycle Shift-Dir - straight line, f/p - water moccasin zombie
Aim: a water moccasin zombie (inner flame, 60% to hit)
You throw a poisoned dart.
The poisoned dart hits the water moccasin zombie.
Throw: 8 darts (poison)
Press: ? - help, Q - select action, (/) - cycle Shift-Dir - straight line, f/p - water moccasin zombie
Aim: a water moccasin zombie (inner flame, 60% to hit)
You throw a poisoned dart.
The poisoned dart hits the water moccasin zombie.
You closely miss the water moccasin zombie.
You bite the water moccasin zombie, but do no damage.
The water moccasin zombie bites you.
You hit the water moccasin zombie.
Flame seeps out of the water moccasin zombie.
The water moccasin zombie is lightly damaged.
The water moccasin zombie is engulfed in blazing flames.
Flame seeps out of the water moccasin zombie.
The water moccasin zombie closely misses you.
The water moccasin zombie is engulfed in blazing flames.
Flame seeps out of the water moccasin zombie.
The water moccasin zombie bites you.
You hit the water moccasin zombie but do no damage.
Flame seeps out of the water moccasin zombie.
You bite the water moccasin zombie.
The water moccasin zombie is heavily damaged.
The water moccasin zombie is engulfed in blazing flames.
Flame seeps out of the water moccasin zombie.
The water moccasin zombie bites you but does no damage.
You hit the water moccasin zombie.
Flame seeps out of the water moccasin zombie.
Lightning courses through the water moccasin zombie!
The water moccasin zombie explodes!
The fiery explosion engulfs you!!!
Ouch! That really hurt!
You die...

#.###########.#
#..#.#......# #.#
.######..#.#.####.# #.#
.........#.#....#.# #.#
.........#.#<...#.# #.#
.........#.######.# #.#
.........#........# #.#
.....§§§.#############.#
.....(°@................
.((((§§§################
(.......# ........#
$######.# ..# ###


There were no monsters in sight!

Vanquished Creatures
  A water moccasin (D:4)
  A water moccasin zombie (D:5)
  A jelly (D:4)
  Terence (D:3)
  2 adders
  4 dart slugs
  A worm (D:3)
  9 orcs
  7 endoplasms
  3 giant cockroaches
  8 goblins
  6 hobgoblins
  4 jackals (D:1)
  5 quokkas
  9 ball pythons
  5 bats
  2 frilled lizards
  9 kobolds
  6 rats
84 creatures vanquished.

Notes
Turn   | Place    | Note
-------+----------+-------------------------------------------
     0 | D:1      | unlimited1921 the Gnoll Arcane Marksman began the quest for
                  | the Orb.
     0 | D:1      | Reached XP level 1. HP: 17/17 MP: 4/4
   195 | D:1      | Reached XP level 2. HP: 17/23 MP: 5/5
   638 | D:1      | Reached XP level 3. HP: 28/28 MP: 2/7
   920 | D:2      | Reached skill level 1 in Invocations
  1078 | D:2      | Learned a level 2 spell: Slow
  1197 | D:1      | Reached skill level 1 in Short Blades
  1197 | D:1      | Reached skill level 1 in Long Blades
  1197 | D:1      | Reached skill level 1 in Axes
  1197 | D:1      | Reached skill level 1 in Maces & Flails
  1197 | D:1      | Reached skill level 1 in Polearms
  1197 | D:1      | Reached skill level 1 in Staves
  1197 | D:1      | Reached skill level 1 in Slings
  1197 | D:1      | Reached skill level 1 in Bows
  1197 | D:1      | Reached skill level 1 in Crossbows
  1197 | D:1      | Reached skill level 1 in Armour
  1197 | D:1      | Reached skill level 1 in Stealth
  1197 | D:1      | Reached skill level 1 in Shields
  1197 | D:1      | Reached skill level 1 in Unarmed Combat
  1197 | D:1      | Reached skill level 1 in Evocations
  1371 | D:2      | Reached XP level 4. HP: 34/34 MP: 5/8
  1865 | D:3      | Noticed Terence
  1975 | D:2      | Reached skill level 1 in Conjurations
  1975 | D:2      | Reached skill level 1 in Summonings
  1975 | D:2      | Reached skill level 1 in Necromancy
  1975 | D:2      | Reached skill level 1 in Translocations
  1975 | D:2      | Reached skill level 1 in Transmutations
  1975 | D:2      | Reached skill level 1 in Fire Magic
  1975 | D:2      | Reached skill level 1 in Ice Magic
  1975 | D:2      | Reached skill level 1 in Air Magic
  1975 | D:2      | Reached skill level 1 in Earth Magic
  1975 | D:2      | Reached skill level 1 in Poison Magic
  2081 | D:2      | Learned a level 3 spell: Inner Flame
  2277 | D:3      | Found a burning altar of Makhleb.
  2315 | D:3      | Killed Terence
  2316 | D:3      | Reached XP level 5. HP: 12/40 MP: 5/9
  3237 | D:4      | Noticed a water moccasin
  3246 | D:4      | Killed a water moccasin
  3247 | D:4      | Reached XP level 6. HP: 40/47 MP: 8/11
  4143 | D:4      | Found a large runed translucent door.
  4143 | D:4      | Found a large runed translucent door.
  4146 | D:4      | Noticed DemonSlayer's ghost (novice HuBe)
  4236 | D:5      | Entered Level 5 of the Dungeon
  4311 | D:5      | Killed by an exploding water moccasin zombie... ignited by
                  | their inner flame

Illustrated notes

Levels and vault maps discovered:
D:1:      saegor_arrival_miasma, layout_rooms
D:2:      layout_basic
D:3:      layout_rooms, mainiacjoe_overflow_tiny_flanked, uniq_terence,
          uniq_ijyb
D:4:      layout_basic, ebering_ghost_disaster_area
D:5:      layout_basic

Skill      XL: |  1  2  3  4  5 |
---------------+----------------+-----
Invocations    | 1 2 |  2.1
Short Blades   | 1 |  1.9
Long Blades    | 1 |  1.9
Axes           | 1 |  1.9
Maces & Flails | 1 |  1.9
Polearms       | 1 |  1.9
Staves         | 1 |  1.9
Slings         | 1 |  1.9
Bows           | 1 |  1.9
Crossbows      | 1 |  1.9
Armour         | 1 |  1.9
Stealth        | 1 |  1.9
Shields        | 1 |  1.9
Unarmed Combat | 1 |  1.9
Evocations     | 1 |  1.9
Spellcasting   | 3 |  3.4
Conjurations   | 1 |  1.5
Summonings     | 1 |  1.5
Necromancy     | 1 |  1.5
Translocations | 1 |  1.5
Transmutations | 1 |  1.5
Fire Magic     | 1 |  1.5
Ice Magic      | 1 |  1.5
Air Magic      | 1 |  1.5
Earth Magic    | 1 |  1.5
Poison Magic   | 1 |  1.5
Fighting       | 3 |  3.2
Throwing       | |  4.9
Dodging        | |  4.9
Hexes          | |  5.6

Action                   |  1- 3 |  4- 6 || total
-------------------------+-------+-------++-------
Melee: Dagger            |    35 |    91 ||   126
       Flail             |    11 |       ||    11
       Bite              |     4 |     8 ||    12
Throw: Javelin           |    40 |     4 ||    44
       Throwing net      |     2 |       ||     2
       Stone             |    14 |    57 ||    71
       Dart              |       |    20 ||    20
 Cast: Corona            |    32 |    47 ||    79
       Slow              |     4 |     3 ||     7
       Inner Flame       |       |    10 ||    10
  Use: Scroll            |       |     7 ||     7
       Potion            |       |     3 ||     3
Armor: Robe              |    45 |    31 ||    76
Dodge: Dodged            |   117 |    50 ||   167
